 Dungeon Crawl Stone Soup version 0.23.2-33-g5129a83184 (webtiles) character file.

Game seed: 3868870434223633717

97 H0rd4k the Charlatan (level 5, -20/37 HPs)
             Began as a Human Artificer on Aug 5, 2019.
             Killed from afar by Ijyb (22 damage)
             ... with a wand of acid (11)
             ... on level 3 of the Dungeon.
             The game lasted 00:02:24 (2454 turns).

H0rd4k the Charlatan (Human Artificer)              Turns: 2454, Time: 00:02:24

Health: -20/37     AC:  0    Str: 13    XL:     5   Next: 0%
Magic:  7/7        EV: 12    Int: 11    God:
Gold:   180        SH:  0    Dex: 14    Spells: 4/4 levels left

rFire    . . .     SeeInvis .   j - +4 short sword
rCold    . . .     Gourm    .   (no shield)
rNeg     . . .     Faith    .   b - +0 leather armour
rPois    .         Spirit   .   (no helmet)
rElec    .         Reflect  .   (no cloak)
rCorr    .         Harm     .   (no gloves)
MR       .....                  (no boots)
Stlth    ++........             (no amulet)
HPRegen  0.12/turn              (no ring)
MPRegen  0.10/turn              (no ring)

@: corroded
A: no striking features
a: no special abilities


You were on level 3 of the Dungeon.
You were near starving.

You visited 1 branch of the dungeon, and saw 3 of its levels.

You collected 180 gold pieces.

Inventory:

Hand Weapons
 a - a +0 short sword
 j - a +4 short sword (weapon)
Armour
 b - a +0 leather armour (worn)
 n - a +0 helmet
Jewellery
 s - a +3 ring of intelligence {unknown}
Wands
 c - a wand of flame (14)
 d - a wand of enslavement (15)
 e - a wand of random effects (15)
Scrolls
 m - a scroll of fog {unknown}
 o - a scroll of teleportation {unknown}
 p - 6 scrolls of identify {unknown}
 r - 2 scrolls of remove curse {unknown}
 t - a scroll of enchant weapon {unknown}
 u - 2 scrolls of amnesia {unknown}
Potions
 g - 2 potions of curing {unknown}
 h - 2 potions of cancellation {unknown}
 i - 2 potions of lignification {unknown}
 k - a potion of mutation {unknown}
 l - a potion of might {unknown}
Comestibles
 f - 6 rations


   Skills:
 + Level 1.4 Fighting
 + Level 2.3 Short Blades
 + Level 1.3 Armour
 + Level 2.5 Dodging
 + Level 1.2 Stealth
 + Level 3.9 Evocations


You had 4 spell levels left.
You didn't know any spells.
Your spell library was empty.

Dungeon Overview and Level Annotations

Branches:
Dungeon (3/15)

Altars:
Hepliaklqana
Ru

Annotations:
D:3 Ijyb


Message History

Ijyb is severely wounded.
Ijyb hits you but does no damage.
You hit Ijyb but do no damage.
Ijyb is severely wounded.
Ijyb zaps a wand.
The bolt of acid hits you! The acid corrodes you!
You are splashed with acid!
* * * LOW HITPOINT WARNING * * *
You hit Ijyb but do no damage.
Ijyb is severely wounded.
Ijyb hits you.
* * * LOW HITPOINT WARNING * * *
Evoke which item? (* to show all) (? for menu, Esc to quit)
Aiming: Throw Flame
Press: ? - help, Shift-Dir - straight line, f - Ijyb
Aim: Ijyb, wearing a +0 ring mail and carrying a wand of acid (11) (severely wounded)
The puff of flame hits Ijyb.
Ijyb is almost dead.
Ijyb zaps a wand.
The bolt of acid hits you!!
Ouch! That really hurt!
You die...

######
#....#
####....#
.......#
#...$#
#..@g#
#####..>#
(## #


You could see Ijyb.

Vanquished Creatures
  2 adders (D:2)
  3 oozes (D:1)
  2 worms (D:2)
  A dart slug (D:1)
  A leopard gecko (D:2)
  5 bats
  6 giant cockroaches
  7 goblins
  5 hobgoblins
  4 jackals (D:1)
  7 kobolds
  6 frilled lizards
  7 rats
56 creatures vanquished.

Notes
Turn   | Place    | Note
-------+----------+-------------------------------------------
     0 | D:1      | H0rd4k the Human Artificer began the quest for the Orb.
     0 | D:1      | Reached XP level 1. HP: 15/15 MP: 3/3
   289 | D:1      | Reached XP level 2. HP: 13/21 MP: 4/4
   632 | D:1      | Reached XP level 3. HP: 21/26 MP: 5/5
  1460 | D:2      | Reached XP level 4. HP: 29/32 MP: 6/6
  1556 | D:2      | Found a sacrificial altar of Ru.
  1702 | D:2      | Reached skill level 1 in Armour
  1850 | D:2      | Found a hazy altar of Hepliaklqana.
  1916 | D:2      | Reached XP level 5. HP: 24/37 MP: 7/7
  2447 | D:3      | Noticed Ijyb
  2454 | D:3      | Killed from afar by Ijyb

Skill      XL: |  1  2  3  4 |
---------------+-------------+-----
Short Blades   | 2 |  2.3
Armour         | 1 |  1.3
Fighting       | |  1.4
Dodging        | |  2.5
Stealth        | |  1.2
Evocations     | |  3.9

Action                   |  1- 3 |  4- 6 || total
-------------------------+-------+-------++-------
Melee: Short sword       |   108 |    67 ||   175
Evoke: Wand              |       |     1 ||     1
 Stab: Sleeping          |     2 |     1 ||     3
       Distracted        |       |     1 ||     1
  Eat: Chunk             |     2 |     1 ||     3
Armor: Leather armour    |    30 |    18 ||    48
Dodge: Dodged            |    86 |    48 ||   134
